 Dungeon Crawl Stone Soup version 0.20.0-9-g8272e65 (webtiles) character file.

21948 McKennaii the Carver (level 12, -2/106 HPs)
             Began as a Demonspawn Abyssal Knight on June 3, 2017.
             Was a High Priest of Lugonu.
             Slain by a white ugly thing (25 damage)
             ... on level 11 of the Dungeon.
             The game lasted 00:40:49 (19983 turns).

McKennaii the Carver (Demonspawn Abyssal Knight)   Turns: 19983, Time: 00:40:50

Health: -2/106     AC: 21    Str: 16    XL:     12   Next: 58%
Magic:  16/16      EV:  9    Int: 20    God:    Lugonu [*****.]
Gold:   892        SH:  0    Dex: 15    Spells: 11/11 levels left

rFire    . . .     SeeInvis +   n - +3 great sword (curse)
rCold    . . .     Gourm    .   (shield currently unavailable)
rNeg     + . .     Faith    .   w - +4 chain mail "Ynlawot" {Int+5}
rPois    .         Spirit   .   C - +0 hat
rElec    .         Reflect  .   t - scarf {repulsion}
rCorr    .         Harm     .   s - +1 pair of gloves
MR       .....                  (no boots)
Stlth    +.........             p - amulet of magic regeneration
Regen    0.7/turn               L - ring of see invisible
MPRegen  0.3/turn               P - ring of positive energy

@: lethally poisoned (-2 -> -2), repel missiles
A: horns 1, molten scales 2, high mp 1, nightstalker 2, regeneration 1, robust
1, strong 1, wild magic 1
a: Depart the Abyss, Bend Space, Banish, Corrupt, Enter the Abyss, Renounce
Religion


You were on level 11 of the Dungeon.
You worshipped Lugonu.
Lugonu was extremely pleased with you.
You were very hungry.

You visited 1 branch of the dungeon, and saw 12 of its levels.
You visited the Abyss 1 time.
You also visited: Sewer and Bailey.

You collected 892 gold pieces.

Inventory:

Hand Weapons
 a - a +1 falchion
 n - a cursed +3 great sword (weapon)
Armour
 s - a +1 pair of gloves (worn)
 t - a scarf of repulsion (worn)
 w - the +4 chain mail "Ynlawot" (worn) {Int+5}
   (You found it on level 4 of the Dungeon)

   It affects your intelligence (+5).
 z - a +0 shield
 C - a +0 hat (worn)
Jewellery
 f - an uncursed ring of protection from fire {unknown}
 p - an amulet of magic regeneration (around neck)
 L - a ring of see invisible (left hand)
 P - a ring of positive energy (right hand)
Wands
 b - a wand of flame (13/48)
 e - a wand of polymorph (7/24)
 H - a wand of flame (14/48)
Scrolls
 d - a scroll of magic mapping
 h - 6 scrolls of amnesia {unknown}
 i - 5 scrolls of remove curse
 l - 2 scrolls of fear {unknown}
 o - 12 scrolls of identify
 u - a scroll of fog {unknown}
 v - 3 scrolls of random uselessness {unknown}
 x - 2 scrolls of immolation {unknown}
 y - 2 scrolls of recharging {unknown}
 B - 3 scrolls of enchant weapon {unknown}
 D - a scroll of holy word {unknown}
 M - a scroll of torment {unknown}
 Q - a scroll of blinking {unknown}
Potions
 g - 3 potions of flight
 k - 3 potions of might
 q - 3 potions of curing
 r - a potion of brilliance {unknown}
 A - 3 potions of berserk rage
 E - 2 potions of lignification {unknown}
 F - 5 potions of magic {unknown}
 I - a potion of ambrosia
 J - 2 potions of heal wounds
 K - 2 potions of mutation
 N - a potion of experience {unknown}
Comestibles
 c - 7 bread rations
 j - 5 royal jellies
 m - 3 meat rations
 G - 27 fruits


   Skills:
 + Level 9.7 Fighting
 + Level 13.3 Long Blades
 + Level 10.0 Armour
 + Level 4.0 Dodging
 + Level 2.1 Stealth
 + Level 3.8 Invocations
 + Level 2.0 Evocations


You had 11 spell levels left.
You didn't know any spells.

Dungeon Overview and Level Annotations

Branches:
Dungeon (12/15)            Temple (0/1) D:4            Lair (0/6) D:11
    Orc (0/2) D:11

Altars:

Shops:
D:7 }   D:9 *

Annotations:
D:3 magipi's ghost, amateur GrGl
D:7 Fugu's ghost, novice MiBe
D:12 Sonja


Innate Abilities, Weirdness & Mutations

You have a pair of small horns on your head.
You are mostly covered in molten scales. (AC +3)
You are significantly more attuned to the shadows.
You have an increased reservoir of magic. (+10% MP)
Your natural rate of healing is unusually fast.
You are robust. (+10% HP)
Your muscles are strong. (Str +2)
Your spells are a little harder to cast, but a little more powerful.


Message History

The white ugly thing punches you but does no damage.
You closely miss the white ugly thing. You headbutt the white ugly thing.
The white ugly thing is severely wounded.
The white ugly thing punches you. The white ugly thing freezes you!!
Your chain mail "Ynlawot" prevents you from hitting the white ugly thing.
Your headbutt misses the white ugly thing.
The white ugly thing is severely wounded.
The white ugly thing punches you but does no damage. x2
Unknown command.
You closely miss the white ugly thing.
Your headbutt misses the white ugly thing.
The white ugly thing is severely wounded.
You feel sick. The white ugly thing barely misses you.
You hit the white ugly thing.
Your headbutt misses the white ugly thing.
The white ugly thing is severely wounded.
The white ugly thing punches you!
* * * LOW HITPOINT WARNING * * *
The white ugly thing freezes you!!
You die...

####.#
## #.#
.# #.#
.#
#.#####
.#
#.....#
.#
#####.#
.# #.#
.#
#[######
##
#[@u...#
######.#
### #.#
#># #.#
#.# #.#
##.# #.#
#####..#
###.###
#.....##
#.....#
#...###
###.###


You could see a white ugly thing.

Vanquished Creatures
  Josephine (D:11)
  A centaur warrior (D:11)
  A tengu warrior (D:12)
  6 two-headed ogres
  Nergalle (D:12)
  An unseen horror (D:10)
  An orc knight (Bailey)
  4 ugly things (D:11)
  A deep elf mage (D:12)
  A gargoyle (D:11)
  A komodo dragon (D:9)
  3 trolls (D:11)
  4 hornets
  Prince Ribbit (D:8)
  3 hippogriffs
  A vampire (D:9)
  14 yaks (D:11)
  6 wraiths
  3 water moccasins
  4 orc warriors
  2 sky beasts
  4 ice beasts
  A necrophage (D:6)
  A phantom (D:5)
  5 ogres
  11 centaurs
  A gnoll sergeant (D:9)
  5 big kobolds
  6 bullfrogs
  2 scorpions
  14 wights
  5 killer bees (D:9)
  2 howler monkeys
  8 crimson imps
  A centaur zombie (D:5)
  2 bullfrog zombies
  8 hounds
  3 jellies
  5 orc priests
  2 bullfrog skeletons (D:11)
  3 centaur skeletons
  7 orc wizards
  2 iguanas (D:4)
  11 worker ants
  3 worker ant zombies
  13 adders
  26 gnolls
  2 howler monkey skeletons (D:5)
  3 river rats
  4 shadow imps
  An ooze (D:1)
  An adder skeleton (D:4)
  An adder zombie (D:5)
  3 worms (D:3)
  3 dart slugs
  4 leopard geckos
  18 orcs
  3 bats (D:1)
  4 giant cockroaches
  8 goblins
  18 hobgoblins
  10 jackals
  30 kobolds
  6 quokkas
  A ball python skeleton (D:5)
  6 frilled lizards
  A jackal zombie (D:6)
  A leopard gecko skeleton (D:5)
  A leopard gecko zombie (D:5)
  8 rats
348 creatures vanquished.

Notes
Turn   | Place    | Note
-------+----------+-------------------------------------------
     0 | Abyss:1  | McKennaii the Demonspawn Abyssal Knight began the quest for the Orb.
     0 | Abyss:1  | Reached XP level 1. HP: 18/18 MP: 2/2
    52 | Abyss:2  | Found a corrupted altar of Lugonu.
    71 | Abyss:2  | Noticed a thrashing horror
    92 | Abyss:3  | Noticed a spatial vortex
    95 | Abyss:3  | Noticed a spatial vortex
   106 | Abyss:3  | Noticed an apocalypse crab
   107 | Abyss:3  | Noticed a starcursed mass
   108 | D:1      | Escaped the Abyss
   206 | D:1      | Gained mutation: You are partially covered in molten scales. (AC +2) [demonic ancestry]
   206 | D:1      | Reached XP level 2. HP: 16/24 MP: 3/3
   208 | D:1      | Reached skill level 2 in Long Blades
   782 | D:1      | Reached * piety under Lugonu
  1312 | D:2      | Gained mutation: You have a pair of small horns on your head. [demonic ancestry]
  1312 | D:2      | Reached XP level 3. HP: 25/29 MP: 4/4
  1626 | D:2      | Reached skill level 1 in Dodging
  1747 | D:2      | Reached XP level 4. HP: 33/37 MP: 5/5
  1861 | D:2      | Reached skill level 3 in Long Blades
  2013 | D:2      | Reached ** piety under Lugonu
  2331 | D:3      | Found a glowing drain.
  2354 | D:3      | Reached skill level 1 in Stealth
  2610 | Sewer    | Entered a sewer
  2947 | Sewer    | Noticed a big kobold
  2967 | Sewer    | Killed a big kobold
  2967 | Sewer    | Gained mutation: You are slightly more attuned to the shadows. [demonic ancestry]
  2967 | Sewer    | Reached XP level 5. HP: 36/42 MP: 6/6
  2993 | Sewer    | Found a white marble altar of Elyvilon.
  3033 | Sewer    | Gained mutation: You are robust. (+10% HP) [potion of mutation]
  3033 | Sewer    | Gained mutation: You are weak. (Str -2) [potion of mutation]
  3033 | Sewer    | Gained mutation: You do not regenerate when monsters are visible. [potion of mutation]
  3033 | Sewer    | Gained mutation: You are agile. (Dex +2) [potion of mutation]
  3277 | D:3      | Noticed magipi's ghost (amateur GrGl)
  3566 | D:3      | HP: 1/46 [magipi's ghost (13)]
  4514 | D:4      | Got a pitted chain mail
  4526 | D:4      | Identified the +4 chain mail "Ynlawot" {Int+5} (You found it on level 4 of the Dungeon)
  4542 | D:4      | Reached skill level 4 in Long Blades
  4555 | D:4      | Found a staircase to the Ecumenical Temple.
  4619 | D:4      | Gained mutation: You are significantly more attuned to the shadows. [demonic ancestry]
  4619 | D:4      | Reached XP level 6. HP: 43/52 MP: 7/7
  4920 | D:4      | HP: 2/53 [worker ant (5)]
  5594 | D:4      | Reached XP level 7. HP: 58/60 MP: 8/8
  5787 | D:5      | Entered Level 5 of the Dungeon
  5878 | D:5      | Reached skill level 5 in Fighting
  5878 | D:5      | Reached skill level 5 in Long Blades
  6283 | D:5      | Reached *** piety under Lugonu
  7298 | D:5      | Reached skill level 6 in Long Blades
  7298 | D:5      | Reached XP level 8. HP: 47/69 MP: 9/9
  8285 | D:6      | You fall through a shaft for 3 floors!
  8285 | D:9      | Noticed a two-headed ogre
  8285 | D:9      | Noticed a hornet
  8562 | D:9      | Killed a hornet
  8562 | D:9      | Reached skill level 7 in Long Blades
  8562 | D:9      | Reached skill level 5 in Armour
  9830 | D:7      | Reached XP level 9. HP: 64/75 MP: 11/11
  9837 | D:7      | Found Piukho Ahij's Gadget Emporium.
  9860 | D:7      | Paralysed by a hornet for 1 turns
 10064 | D:7      | Noticed Fugu's ghost (novice MiBe)
 11736 | D:6      | Reached skill level 8 in Long Blades
 12852 | D:8      | Reached **** piety under Lugonu
 12979 | D:8      | Noticed Prince Ribbit
 13591 | D:8      | Killed Prince Ribbit
 13774 | D:8      | Noticed a two-headed ogre
 13779 | D:8      | Killed a two-headed ogre
 13779 | D:8      | Reached skill level 9 in Long Blades
 13779 | D:8      | Reached XP level 10. HP: 78/85 MP: 12/12
 13863 | D:9      | Found Giemebio's General Store.
 14323 | D:8      | Noticed a two-headed ogre
 14331 | D:8      | Killed a two-headed ogre
 14748 | D:9      | You fall through a shaft for 2 floors!
 14830 | D:11     | Reached skill level 10 in Long Blades
 14835 | D:10     | Entered Level 10 of the Dungeon
 14862 | D:10     | Reached skill level 1 in Evocations
 14956 | D:10     | Noticed a two-headed ogre
 15022 | D:10     | Noticed a two-headed ogre
 15062 | D:10     | Found a flagged portal.
 15069 | Bailey   | Entered a bailey
 15632 | Bailey   | Noticed an orc knight
 15632 | Bailey   | Reached ***** piety under Lugonu
 15652 | Bailey   | Killed an orc knight
 16027 | D:10     | Killed a two-headed ogre
 16090 | D:10     | Noticed an unseen horror
 16101 | D:10     | Killed an unseen horror
 16101 | D:10     | Reached XP level 11. HP: 75/93 MP: 13/13
 16107 | D:10     | Lost mutation: You are weak. (Str -2) [potion of mutation]
 16107 | D:10     | Lost mutation: You are agile. (Dex +2) [potion of mutation]
 16107 | D:10     | Lost mutation: You are robust. (+10% HP) [potion of mutation]
 16107 | D:10     | Lost mutation: You do not regenerate when monsters are visible. [potion of mutation]
 16107 | D:10     | Gained mutation: You have sharp toenails. [potion of mutation]
 16107 | D:10     | Gained mutation: You are clumsy. (Dex -2) [potion of mutation]
 16107 | D:10     | Gained mutation: Scrolls take you a little longer to read. [potion of mutation]
 16107 | D:10     | Gained mutation: You have an increased reservoir of magic. (+10% MP) [potion of mutation]
 16108 | D:10     | Lost mutation: You are clumsy. (Dex -2) [potion of mutation]
 16108 | D:10     | Lost mutation: You have sharp toenails. [potion of mutation]
 16108 | D:10     | Lost mutation: Scrolls take you a little longer to read. [potion of mutation]
 16108 | D:10     | Lost mutation: You have an increased reservoir of magic. (+10% MP) [potion of mutation]
 16108 | D:10     | Gained mutation: You have a pair of horns on your head. [potion of mutation]
 16108 | D:10     | Gained mutation: Armour fits poorly on your strangely shaped body. [potion of mutation]
 16108 | D:10     | Gained mutation: You have an increased reservoir of magic. (+10% MP) [potion of mutation]
 16108 | D:10     | Gained mutation: Your muscles are strong. (Str +2) [potion of mutation]
 16109 | D:10     | Lost mutation: Your muscles are strong. (Str +2) [potion of mutation]
 16109 | D:10     | Lost mutation: Armour fits poorly on your strangely shaped body. [potion of mutation]
 16109 | D:10     | Lost mutation: You have a pair of horns on your head. [potion of mutation]
 16109 | D:10     | Gained mutation: You are robust. (+10% HP) [potion of mutation]
 16109 | D:10     | Gained mutation: Your natural rate of healing is unusually fast. [potion of mutation]
 16109 | D:10     | Gained mutation: Your spells are a little harder to cast, but a little more powerful. [potion of mutation]
 16109 | D:10     | Gained mutation: Your muscles are strong. (Str +2) [potion of mutation]
 16468 | D:10     | Killed a two-headed ogre
 16468 | D:10     | Reached skill level 11 in Long Blades
 16780 | D:9      | Killed a two-headed ogre
 17820 | D:11     | Noticed a centaur warrior
 17908 | D:11     | Killed a centaur warrior
 17990 | D:11     | Noticed a cyan ugly thing
 18011 | D:11     | Killed a cyan ugly thing
 18095 | D:11     | Noticed Josephine
 18140 | D:11     | Killed Josephine
 18140 | D:11     | Reached skill level 12 in Long Blades
 18371 | D:11     | Found a staircase to the Orcish Mines.
 18402 | D:11     | Noticed a green ugly thing
 18411 | D:11     | Killed a green ugly thing
 18473 | D:11     | Gained mutation: You are mostly covered in molten scales. (AC +3) [demonic ancestry]
 18473 | D:11     | Reached XP level 12. HP: 88/103 MP: 15/15
 18675 | D:11     | Noticed a two-headed ogre
 18688 | D:11     | Killed a two-headed ogre
 18894 | D:11     | Reached skill level 13 in Long Blades
 19012 | D:11     | Found a staircase to the Lair.
 19456 | D:12     | Noticed Sonja
 19494 | D:12     | Noticed Nergalle
 19506 | D:12     | Killed Nergalle
 19665 | D:12     | Noticed a tengu warrior
 19666 | D:12     | Noticed a tengu warrior
 19706 | D:12     | Killed a tengu warrior
 19706 | D:12     | Reached skill level 10 in Armour
 19826 | D:11     | HP: 5/105 [poisoned by Sonja (curare-tipped needle)]
 19983 | D:11     | Slain by a white ugly thing

Skill      XL: |  1  2  3  4  5  6  7  8  9 10 11 12 |
---------------+-------------------------------------+-----
Armour         | 2 3 4 5 7 8 9 10 | 10.0
Long Blades    | 2 3 4 6 7 9 10 12 13 | 13.3
Dodging        | 1 2 3 4 |  4.0
Stealth        | 1 2 |  2.1
Fighting       | 4 5 6 7 8 9 |  9.7
Evocations     | 1 2 |  2.0
Invocations    | 3 |  3.8

Action                   |  1- 3 |  4- 6 |  7- 9 | 10-12 || total
-------------------------+-------+-------+-------+-------++-------
Melee: Falchion          |   110 |   250 |   642 |       ||  1002
       Headbutt          |    10 |    43 |   151 |   170 ||   374
       Great sword       |       |       |   122 |   666 ||   788
Invok: Depart the Abyss  |     1 |       |       |       ||     1
       Bend Space        |       |       |     4 |     7 ||    11
Evoke: Wand              |       |       |     3 |    10 ||    13
  Use: Potion            |       |     7 |     5 |     5 ||    17
       Scroll            |       |     1 |     5 |     1 ||     7
 Stab: Sleeping          |     2 |     2 |       |       ||     4
  Eat: Chunk             |     3 |     6 |    17 |    19 ||    45
       Meat ration       |       |     1 |     2 |       ||     3
       Fruit             |       |     1 |     1 |     1 ||     3
Armor: Leather armour    |    45 |    26 |       |       ||    71
       Chain mail        |       |   139 |   566 |   526 ||  1231
Dodge: Dodged            |    75 |   100 |   217 |   311 ||   703
       Deflected         |       |     2 |     9 |    34 ||    45
       Rpst.: Falchion   |    23 |    27 |    54 |       ||   104
       Great sword       |       |       |    17 |    72 ||    89
